 Dungeon Crawl Stone Soup version 0.30.0-19-g36f170ea60 (webtiles) character file.

Game seed: 7681200166425630298

7463 stipulation the Severer (level 10, -5/77 HPs)
             Began as a Minotaur Fighter on May 28, 2023.
             Was a Believer of Cheibriados.
             Slain by a shadow (23 damage)
             ... on level 8 of the Dungeon.
             The game lasted 00:10:24 (7991 turns).

stipulation the Severer (Minotaur Fighter)          Turns: 7991, Time: 00:10:25

Health: -5/77      AC: 14    Str: 30    XL:     10   Next: 94%
Magic:  10/10      EV: 14    Int:  9    God:    Cheibriados [**....]
Gold:   280        SH:  0    Dex: 13    Spells: 9/9 levels left

rFire   + . .        N - +4 battleaxe
rCold   . . .        (shield currently unavailable)
rNeg    + . .        l - +0 swamp dragon scales
rPois   +            n - +2 hat
rElec   .            S - +1 cloak
rCorr   .            g - +0 pair of gloves
SInv    .            k - +0 pair of boots
Will    .....        r - amulet of magic regeneration
Stlth   ++           C - ring of protection from fire
HPRegen 0.32/turn    K - ring of positive energy
MPRegen 0.52/turn

%: no passive effects
@: very slow
A: horns 2, retaliatory headbutt
a: Renounce Religion, Bend Time


You were on level 8 of the Dungeon.
You worshipped Cheibriados.
Cheibriados was pleased with you.
You visited 2 branches of the dungeon, and saw 10 of its levels.
You also visited: Ossuary.

You collected 532 gold pieces.
You spent 252 gold pieces at shops.

Inventory:

Hand Weapons
 a - a +0 war axe
 N - a +4 battleaxe (weapon)
Missiles
 o - 6 javelins (quivered)
Armour
 c - a +0 buckler
 g - a +0 pair of gloves (worn)
 k - a +0 pair of boots (worn)
 l - +0 swamp dragon scales (worn)
 n - a +2 hat (worn)
 S - a +1 cloak (worn)
Jewellery
 r - an amulet of magic regeneration (around neck)
 C - a ring of protection from fire (left hand)
 J - a +6 ring of dexterity
 K - a ring of positive energy (right hand)
 M - a +6 ring of intelligence
 Q - an amulet of guardian spirit
Wands
 j - a wand of light (9)
 y - a wand of digging (2)
 L - a wand of polymorph (8)
 P - a wand of roots (8)
Scrolls
 b - a scroll of poison
 f - a scroll of torment {unknown}
 h - 4 scrolls of fog
 i - 3 scrolls of fear
 m - 4 scrolls of immolation
 q - 5 scrolls of teleportation
 w - a scroll of blinking {unknown}
 x - 2 scrolls of amnesia {unknown}
 B - 2 scrolls of noise
 G - a scroll of magic mapping
 H - a scroll of enchant armour
 O - 2 scrolls of enchant weapon
 R - a scroll of identify
Potions
 d - 3 potions of might
 e - 4 potions of heal wounds
 p - 6 potions of curing
 s - a potion of mutation {unknown}
 t - a potion of resistance {unknown}
 u - a potion of attraction {unknown}
 v - 3 potions of haste {unknown}
 z - 2 potions of magic
 A - a potion of cancellation {unknown}
 D - 3 potions of lignification {unknown}
 E - a potion of berserk rage {unknown}
 F - a potion of ambrosia {unknown}
 I - a potion of brilliance {unknown}


   Skills:
 - Level 3.6 Fighting
 + Level 16.4 Axes
 - Level 3.6 Armour
 + Level 8.2 Dodging
 + Level 2.9 Stealth
 - Level 3.6 Shields
 * Level 2.4 Invocations
 * Level 3.0 Evocations


You had 9 spell levels left.
You didn't know any spells.
Your spell library contained the following spells:

 Spells                   Type           Power      Damage    Failure   Level
 Kiss of Death            Conj/Necr      0%         2d5       50%         1
 Magic Dart               Conj           0%         1d3       50%         1
 Call Imp                 Summ           0%         N/A       65%         2
 Confusing Touch          Hex            0%         N/A       86%         3
 Dazzling Flash           Conj/Hex       0%         N/A       86%         3
 Mephitic Cloud           Conj/Pois/Air  0%         N/A       86%         3
 Dispel Undead            Necr           0%         3d6       99%         4
 Summon Ice Beast         Ice/Summ       0%         N/A       99%         4
 Agony                    Necr           0%         N/A       100%        5
 Silence                  Hex/Air        0%         N/A       100%        5
 Summon Mana Viper        Hex/Summ       0%         N/A       100%        5
 Monstrous Menagerie      Summ           0%         N/A       100%        7


Dungeon Overview and Level Annotations

Branches:
Dungeon (9/15)             Temple (1/1) D:6             Orc (0/2) D:9
Ossuary (visited)
   Lair: D:8-11

Altars:
Cheibriados
Elyvilon
Fedhas
Gozag
Makhleb
Nemelex Xobeh
Okawaru
Qazlal
Ru
Sif Muna
Trog
Uskayaw
Vehumet
Wu Jian
Xom
Zin
The Shining One

Shops:
D:3 ?=*   D:4 !   D:7 *


Innate Abilities, Weirdness & Mutations

You have a pair of horns on your head.
You reflexively headbutt those who attack you in melee.


Message History

The shadow strikes at you from the darkness!
* * * LOW HITPOINT WARNING * * *
Reactivating autopickup.
The ogre zombie closely misses you.
A goblin skeleton comes into view.
You slash the ogre zombie! You headbutt the ogre zombie.
The ogre zombie is moderately damaged.
The ogre zombie hits you.
* * * LOW HITPOINT WARNING * * *
You feel much better.
An orc zombie comes into view.
An ogre zombie comes into view.
You are too injured to fight recklessly!
You are too injured to fight recklessly!
You slash the ogre zombie!
The ogre zombie is heavily damaged.
The ogre zombie hits you but does no damage.
The shadow slips into darkness.
The shadow flickers and vanishes!
Deactivating autopickup; reactivate with Ctrl-A.
You slice the ogre zombie!!
You destroy the ogre zombie!
Cheibriados appreciates the change of pace.
The goblin zombie attacks as you move away!
The goblin zombie closely misses you. The goblin zombie closely misses you.
There is a stone staircase leading up here.
The shadow strikes at you from the darkness!
* * * LOW HITPOINT WARNING * * *
Reactivating autopickup.
You climb upwards.
There is a stone staircase leading down here.
A shadow is nearby!
You slash the shadow!
The shadow is severely damaged.
The shadow slips into darkness.
The shadow flickers and vanishes!
Deactivating autopickup; reactivate with Ctrl-A.
You barely miss something.
The shadow strikes at you from the darkness!
You die...

##.........# #######
.#.####....####.....#
.#.#............###.#
.....<...#..#######.#
##########.......##.#
.........#...###.##.#
########.#...# #.##.#
########.#...###....#
...............{@####
##.#........##...#
#........#..##.###
#........#.###.#
#........#.##..#
#........#.##.###
#........#.#....#
#........#.#....#
#........#......#


There were no monsters in sight!

Vanquished Creatures
  A two-headed ogre (D:8)
  The ghost of mlgnoniceguy the Conjurer, a novice OpCj of the Shining One (D:6)
  Pikel (D:4)
  Prince Ribbit (D:5)
  Sigmund (D:5)
  A steam dragon (D:7)
  6 yaks (D:9)
  Menkaure (D:7)
  A vampire mosquito (D:5)
  Edmund (D:4)
  2 water moccasins
  2 orc warriors
  An ice beast (D:5)
  2 sky beasts
  A black bear (D:5)
  2 ogres (D:4)
  A centaur (D:5)
  2 lemures (D:4)
  A phantom (D:6)
  A kobold brigand (D:7)
  5 bullfrogs
  A gnoll sergeant (D:8)
  8 scorpions
  14 wights
  4 killer bees (D:4)
  A howler monkey (D:4)
  3 centaur zombies (Ossuary)
  2 jellies
  3 orc priests (D:8)
  4 hounds
  A human zombie (Ossuary)
  9 orc wizards
  7 iguanas
  5 scorpion zombies (Ossuary)
  2 ogre zombies (D:9)
  3 mummies (Ossuary)
  9 gnolls
  5 adders
  A shadow imp (D:5)
  A white imp (D:7)
  An ufetubus (D:5)
  A worm (D:3)
  3 dart slugs
  27 orcs
  7 endoplasms
  3 giant cockroaches
  2 gnoll zombies (Ossuary)
  5 goblins
  5 hobgoblins
  2 jackals (D:2)
  14 kobolds
  3 quokkas
  6 ball pythons
  4 bats
  A frilled lizard (D:1)
  A goblin skeleton (D:9)
  2 hobgoblin zombies
  3 kobold zombies (Ossuary)
  An orc skeleton (D:9)
  8 orc zombies
  5 rats
222 creatures vanquished.

Vanquished Creatures (others)
  An orc wizard (D:8)
1 creature vanquished.

Grand Total: 223 creatures vanquished

Notes
Turn   | Place    | Note
-------+----------+-------------------------------------------
     0 | D:1      | stipulation the Minotaur Fighter began the quest for the
                  | Orb.
     0 | D:1      | Reached XP level 1. HP: 19/19 MP: 0/0
    74 | D:1      | Reached skill level 3 in Axes
   105 | D:1      | Reached XP level 2. HP: 26/26 MP: 1/1
   398 | D:1      | Found a faded altar of an unknown god.
  1064 | D:2      | Reached skill level 1 in Dodging
  1235 | D:2      | Reached skill level 4 in Axes
  1235 | D:2      | Reached XP level 3. HP: 31/31 MP: 2/2
  1646 | D:3      | Found a hide-covered altar of Uskayaw.
  1677 | D:3      | Found Nigyp's Jewellery Boutique.
  1698 | D:3      | Reached XP level 4. HP: 39/39 MP: 3/3
  1744 | D:3      | Identified the +0 flail "Leugudgh" {flame, Drain Int+4}
  1749 | D:3      | Found Umel's General Store.
  1757 | D:3      | Bought a potion of curing for 33 gold pieces
  1757 | D:3      | Bought 2 potions of heal wounds for 110 gold pieces
  1817 | D:3      | Reached skill level 5 in Axes
  2221 | D:3      | Found Maow's Magic Scroll Shop.
  2229 | D:3      | Bought a scroll of identify for 26 gold pieces
  2445 | D:4      | Noticed an ogre
  2451 | D:4      | Killed an ogre
  2452 | D:4      | Reached skill level 6 in Axes
  2452 | D:4      | Reached XP level 5. HP: 45/45 MP: 4/4
  2475 | D:4      | Noticed an ogre
  2475 | D:4      | Noticed a lemure
  2487 | D:4      | Killed an ogre
  2487 | D:4      | Noticed a lemure
  2488 | D:4      | Reached skill level 7 in Axes
  2488 | D:4      | Reached skill level 1 in Stealth
  2488 | D:4      | Reached XP level 6. HP: 51/51 MP: 5/5
  2529 | D:4      | Noticed Pikel
  2543 | D:4      | Killed Pikel
  2544 | D:4      | Reached skill level 9 in Axes
  2544 | D:4      | Reached XP level 7. HP: 39/57 MP: 6/6
  2834 | D:4      | Found Esioha's Distillery.
  2840 | D:4      | Bought a potion of curing for 30 gold pieces
  3088 | D:4      | Reached XP level 8. HP: 50/64 MP: 7/7
  3139 | D:4      | Reached skill level 10 in Axes
  3203 | D:4      | Noticed Edmund
  3215 | D:4      | Killed Edmund
  3572 | D:4      | Found an opulent altar of Gozag.
  3947 | D:5      | Entered Level 5 of the Dungeon
  3959 | D:5      | Reached skill level 11 in Axes
  3974 | D:5      | Found a sand-covered staircase.
  3983 | Ossuary  | Entered an ossuary
  4022 | Ossuary  | Reached skill level 5 in Dodging
  4022 | Ossuary  | Reached skill level 1 in Evocations
  4128 | Ossuary  | Reached XP level 9. HP: 70/70 MP: 8/8
  4135 | Ossuary  | Reached skill level 12 in Axes
  4300 | D:5      | Noticed Sigmund
  4306 | D:5      | Killed Sigmund
  4500 | D:5      | Reached skill level 13 in Axes
  4709 | D:5      | Noticed Prince Ribbit
  4710 | D:5      | Found a burning altar of Makhleb.
  4724 | D:5      | Killed Prince Ribbit
  4957 | D:6      | Found a transporter.
  4957 | D:6      | Noticed mlgnoniceguy's ghost (novice OpCj)
  5024 | D:6      | Found a transporter.
  5046 | D:6      | Reached skill level 14 in Axes
  5063 | D:6      | Killed mlgnoniceguy's ghost
  5064 | D:6      | Reached XP level 10. HP: 50/77 MP: 9/9
  5743 | D:6      | Found a staircase to the Ecumenical Temple.
  5779 | D:6      | Found a bloodstained altar of Trog.
  6037 | Temple   | Entered the Ecumenical Temple
  6097 | Temple   | Became a worshipper of Cheibriados the Contemplative
  6301 | D:7      | Found a shimmering altar of Xom.
  6301 | D:7      | Found a shimmering altar of Xom.
  6301 | D:7      | Found a shimmering altar of Xom.
  6301 | D:7      | Found a shimmering altar of Xom.
  6302 | D:7      | Found a shimmering altar of Xom.
  6367 | D:7      | Reached skill level 15 in Axes
  6440 | D:7      | Noticed Menkaure
  6446 | D:7      | Killed Menkaure
  6758 | D:7      | Found Kith's CLEARANCE SALE!.
  6761 | D:7      | Bought a scroll of enchant weapon for 22 gold pieces
  6761 | D:7      | Bought a scroll of enchant weapon for 22 gold pieces
  6761 | D:7      | Bought a scroll of teleportation for 9 gold pieces
  6821 | D:8      | Reached * piety under Cheibriados
  6920 | D:8      | Noticed a two-headed ogre
  6929 | D:8      | Killed a two-headed ogre
  6930 | D:8      | Reached skill level 1 in Invocations
  7376 | D:8      | Reached skill level 16 in Axes
  7811 | D:9      | Reached ** piety under Cheibriados
  7967 | D:9      | Found a staircase to the Orcish Mines.
  7991 | D:8      | Slain by a shadow

Illustrated notes

Levels and vault maps discovered:
D:1:      giann_wishing_wells, layout_basic, serial_forest,
          infiniplex_forest_zigzag_2, infiniplex_forest_diagonal,
          infiniplex_forest_clump_long, infiniplex_forest_corner_1,
          infiniplex_forest_side_room, infiniplex_forest_clump_small,
          hellmonk_ecumenical_altar_lost_god
D:2:      layout_rooms
D:3:      layout_loops_cross, mainiacjoe_overflow_cross_hatched, serial_shops,
          shop, shop, shop
D:4:      layout_basic, nicolae_gozag_cash_rules_everything_around_me,
          serial_shops, nicolae_shop_rolling_square, dreamdust_princess_bridge,
          uniq_pikel, uniq_edmund
D:5:      layout_rooms, bloody_makhleb, nicolae_ossuary_entry_plus,
          minmay_chambers_of_fives, uniq_sigmund, uniq_prince_ribbit1
D:6:      layout_loops_ring, trog_butcher_becter, minmay_temple_entry_statues,
          gammafunk_ghost_arena
D:7:      layout_rooms, xom_redecorated, nicolae_shop_clearance, uniq_menkaure
D:8:      layout_basic
D:9:      layout_gridville, gammafunk_temple_overflow_wave, zombieorc2_lemuel,
          minmay_misc_feat_more_columns, serial_bayou_crossing
Temple:   nicolae_temple_x_marks_the_god

Skill      XL: |  1  2  3  4  5  6  7  8  9 10 |
---------------+-------------------------------+-----
Axes           | 3 4 6 7 9 11 14 16 | 16.4
Dodging        | 1 2 3 4 5 7 8 |  8.2
Stealth        | 1 2 |  2.9
Evocations     | 1 3 |  3.0
Invocations    | 2 |  2.4
Fighting       | |  3.6
Armour         | |  3.6
Shields        | |  3.6

Action                     |  1- 3 |  4- 6 |  7- 9 | 10-12 || total
---------------------------+-------+-------+-------+-------++-------
  Melee: War axe           |   100 |    61 |   244 |   168 ||   573
         Headbutt          |    17 |    10 |    46 |    33 ||   106
         Battleaxe         |       |       |       |    63 ||    63
 Invoke: Bend Time         |       |       |       |     1 ||     1
  Evoke: Wand              |       |     2 |     2 |     1 ||     5
    Use: Scroll            |       |       |     2 |     7 ||     9
         Potion            |       |       |     2 |     3 ||     5
   Stab: Invisible         |       |       |     1 |       ||     1
         Distracted        |       |       |       |     1 ||     1
 Armour: Scale mail        |    14 |       |       |       ||    14
         Swamp dragon scal |    31 |    37 |    85 |    65 ||   218
  Dodge: Dodged            |    38 |    31 |   129 |    98 ||   296
  Block: Buckler           |    17 |    17 |    51 |    21 ||   106
